 Dungeon Crawl Stone Soup version 0.20.1-1-g8b1a95d (console) character file.

2174 hilaritas the Basher (level 9, -3/120 HPs)
             Began as a Troll Berserker on Aug 4, 2017.
             Was a Priest of Trog.
             Slain by a killer bee (6 damage)
             ... on level 7 of the Dungeon.
             The game lasted 00:14:08 (5403 turns).

hilaritas the Basher (Troll Berserker)              Turns: 5403, Time: 00:14:08

Health: -3/120     AC:  9    Str: 36    XL:     9   Next: 11%
Magic:  8/8        EV: 10    Int:  6    God:    Trog [***...]
Gold:   197        SH:  0    Dex:  9    Spells: 8/8 levels left

rFire    + . .     SeeInvis .   D - +0 morningstar (protect)
rCold    . . .     Gourm    +   (no shield)
rNeg     . . .     Faith    .   B - +2 robe {rF+}
rPois    .         Spirit   .   (helmet restricted)
rElec    .         Reflect  .   E - +1 cloak
rCorr    .         Harm     .   (gloves unavailable)
MR       .....                  (boots unavailable)
Stlth    ..........             (no amulet)
Regen    0.7/turn               F - +4 ring of strength
MPRegen  0.2/turn               (no ring)

@: berserking, very quick
A: unfitting armour, claws 3, fast metabolism 3, gourmand, regeneration 1,
shaggy fur 1, tough skin 2
a: Berserk, Trog's Hand, Burn Spellbooks, Renounce Religion


You were on level 7 of the Dungeon.
You worshipped Trog.
Trog was most pleased with you.
You were full.

You visited 1 branch of the dungeon, and saw 7 of its levels.

You collected 365 gold pieces.
You spent 168 gold pieces at shops.

Inventory:

Hand Weapons
 b - a +0 giant spiked club
 q - the +1 mace of Aziypeen {antimagic, rF++ Int-2 Dex+4}
   (You bought it in a shop on level 6 of the Dungeon)

   It reduces the magical energy of the wielder, and disrupts the spells and
   magical abilities of those hit.
   Natural abilities and divine invocations are not affected.
   It affects your intelligence (-2).
   It affects your dexterity (+4).
   It greatly protects you from fire.
 s - a +2 falchion of flaming
 D - a +0 morningstar of protection (weapon)
Missiles
 C - a javelin (quivered)
 G - 4 large rocks
Armour
 B - a +2 robe of fire resistance (worn)
 E - a +1 cloak (worn)
Jewellery
 F - a +4 ring of strength (left claw)
Wands
 a - a wand of clouds (4/9)
 p - a wand of polymorph (14/24)
 u - a wand of confusion (22/48)
 w - a wand of polymorph (8/24)
 y - a wand of polymorph (8/24)
Scrolls
 g - 7 scrolls of identify
 i - 5 scrolls of teleportation
 j - 3 scrolls of remove curse
 m - 2 scrolls of fog
 t - a scroll of magic mapping
 H - a scroll of enchant weapon
Potions
 d - a potion of flight {unknown}
 e - 5 potions of curing
 f - 2 potions of cancellation {unknown}
 k - 2 potions of ambrosia {unknown}
 l - 3 potions of heal wounds {unknown}
 n - a potion of invisibility
 o - a potion of brilliance {unknown}
 r - a potion of mutation {unknown}
 v - 2 potions of agility {unknown}
 x - a potion of haste {unknown}
 A - 2 potions of degeneration {unknown}
Comestibles
 c - 5 bread rations
 h - a royal jelly
 z - 2 meat rations


   Skills:
 * Level 2.6 Fighting
 - Level 11.1 Maces & Flails
 * Level 0.2 Armour
 + Level 2.5 Dodging


You had 8 spell levels left.
You didn't know any spells.

Dungeon Overview and Level Annotations

Branches:
Dungeon (7/15)             Temple (0/1) D:7

Altars:
Ashenzari
Dithmenos
Fedhas
Gozag
Kikubaaqudgha
Nemelex Xobeh
Okawaru
Qazlal
Trog
Yredelemnul
Zin

Shops:
D:5 [   D:6 *(


Innate Abilities, Weirdness & Mutations

You are too large for most types of armour.
You have claws for hands.
Your metabolism is lightning-fast.
You like to eat raw meat.
Your natural rate of healing is unusually fast.
You are covered in fur. (AC +1)
You have very tough skin. (AC +2)


Message History

The killer bee stings you.
* * * LOW HITPOINT WARNING * * *
You are lethally poisoned!
The killer bee poisons you!
You feel better. The killer bee stings you.
* * * LOW HITPOINT WARNING * * *
The killer bee closely misses you.
You closely miss the killer bee. The killer bee closely misses you.
The killer bee stings you but does no damage.
A red film seems to cover your vision as you go berserk!
You feel yourself moving faster!
You feel mighty! The killer bee barely misses you.
The killer bee stings you but does no damage.
You miss the killer bee. The killer bee barely misses you.
You closely miss the killer bee. The killer bee closely misses you.
The killer bee stings you!
* * * LOW HITPOINT WARNING * * *
You closely miss the killer bee. The killer bee barely misses you.
You miss the killer bee. The killer bee stings you.
You die...

########## #......... #.#######.
#.# #. ## #.# #####. .# #.#
#..... .# #.# #.###.
.#.#.######## #.# #.###.
y.......y@..# #)###.....
####.######.# #......... ##.##
#####.#### #...# #....# ##+##
##.## #.##.# ##...## #.# #.....
##.....## ####.# ####.#
##(......## ##.##.# ##.#.#
#.........####...#>#########....#


You could see a killer bee.

Vanquished Creatures
  A cyclops (D:7)
  Grinder (D:3)
  A hippogriff (D:7)
  Sigmund (D:6)
  2 ogres
  Blork the orc (D:5)
  2 bullfrogs
  A scorpion (D:4)
  A killer bee (D:7)
  2 howler monkeys
  2 vampire bats (D:5)
  A bullfrog zombie (D:6)
  A quasit (D:6)
  4 hounds
  An orc priest (D:4)
  Crazy Yiuf (D:6)
  Jessica (D:3)
  2 iguanas
  Natasha (thrice) (D:3)
  A worker ant (D:6)
  A hound zombie (D:6)
  7 gnolls
  7 adders
  A shadow imp (D:5)
  4 worms
  3 dart slugs
  3 leopard geckos (D:4)
  18 orcs
  A ball python (D:7)
  2 bat skeletons (D:5)
  2 bat zombies (D:5)
  6 giant cockroaches
  6 goblins
  13 hobgoblins
  3 jackals (D:3)
  8 kobolds
  A quokka (D:3)
  5 bats
  4 frilled lizards
  A jackal skeleton (D:4)
  A quokka skeleton (D:5)
  8 rats
135 creatures vanquished.

Notes
Turn   | Place    | Note
-------+----------+-------------------------------------------
     0 | D:1      | hilaritas the Troll Berserker began the quest for the Orb.
     0 | D:1      | Reached XP level 1. HP: 22/22 MP: 0/0
    99 | D:1      | Reached skill level 3 in Maces & Flails
   181 | D:1      | Reached XP level 2. HP: 29/29 MP: 1/1
   949 | D:2      | Found a sparkling altar of Nemelex Xobeh.
   952 | D:2      | Reached ** piety under Trog
   952 | D:2      | Reached XP level 3. HP: 36/36 MP: 2/2
  1154 | D:2      | Reached skill level 4 in Maces & Flails
  1356 | D:2      | Reached XP level 4. HP: 42/44 MP: 3/3
  1685 | D:3      | Found a faded altar of an unknown god.
  1845 | D:3      | Noticed Jessica
  1872 | D:3      | Killed Jessica
  1872 | D:3      | Reached skill level 5 in Maces & Flails
  1958 | D:3      | Noticed Grinder
  1977 | D:3      | Reached XP level 5. HP: 46/50 MP: 4/4
  1993 | D:3      | Killed Grinder
  1993 | D:3      | Reached skill level 6 in Maces & Flails
  1993 | D:3      | Reached XP level 6. HP: 16/59 MP: 5/5
  2104 | D:3      | Noticed Natasha
  2109 | D:3      | Killed Natasha
  2290 | D:3      | Noticed Natasha
  2294 | D:3      | Killed Natasha
  2387 | D:3      | Found a shadowy altar of Dithmenos.
  2390 | D:3      | Found a basalt altar of Yredelemnul.
  2390 | D:3      | Found an opulent altar of Gozag.
  2409 | D:3      | Found a stormy altar of Qazlal.
  2413 | D:3      | Found a blossoming altar of Fedhas.
  2474 | D:3      | Noticed Natasha
  2490 | D:3      | Killed Natasha
  2490 | D:3      | Reached *** piety under Trog
  2665 | D:4      | Reached skill level 7 in Maces & Flails
  2767 | D:4      | Reached XP level 7. HP: 65/66 MP: 6/6
  3118 | D:4      | Found a glowing silver altar of Zin.
  3248 | D:4      | Reached skill level 8 in Maces & Flails
  3423 | D:5      | Entered Level 5 of the Dungeon
  3438 | D:5      | Noticed Blork the orc
  3451 | D:5      | Killed Blork the orc
  3637 | D:5      | Found an ancient bone altar of Kikubaaqudgha.
  3842 | D:5      | Found an iron altar of Okawaru.
  3886 | D:5      | Found Wamiam's Antique Armour Shop.
  4093 | D:6      | Noticed Sigmund
  4114 | D:6      | Killed Sigmund
  4114 | D:6      | Reached skill level 9 in Maces & Flails
  4114 | D:6      | Reached XP level 8. HP: 74/74 MP: 7/7
  4343 | D:6      | Found a shattered altar of Ashenzari.
  4353 | D:6      | Found Uvoxto's General Store.
  4498 | D:6      | Found a bloodstained altar of Trog.
  4500 | D:6      | Found Annof's Antique Weapon Shop.
  4515 | D:6      | Bought a fine mace for 168 gold pieces
  4515 | D:6      | Identified the cursed +1 mace of Aziypeen {antimagic, rF++ Int-2 Dex+4} (You bought it in a shop on level 6 of the Dungeon)
  4549 | D:6      | Found a runed door.
  4677 | D:6      | Noticed Crazy Yiuf
  4680 | D:6      | Killed Crazy Yiuf
  4680 | D:6      | Reached skill level 10 in Maces & Flails
  4750 | D:7      | Noticed a hippogriff
  4762 | D:7      | Killed a hippogriff
  5035 | D:7      | Noticed a cyclops
  5041 | D:7      | Killed a cyclops
  5041 | D:7      | Reached skill level 11 in Maces & Flails
  5041 | D:7      | Reached XP level 9. HP: 67/80 MP: 8/8
  5177 | D:7      | Reached **** piety under Trog
  5187 | D:7      | Found a staircase to the Ecumenical Temple.
  5396 | D:7      | HP: 4/80 [killer bee (4)]
  5401 | D:7      | HP: 2/120 [killer bee (8)]
  5403 | D:7      | Slain by a killer bee

Skill      XL: |  1  2  3  4  5  6  7  8 |
---------------+-------------------------+-----
Maces & Flails | 3 4 5 6 7 9 11 | 11.1
Fighting       | |  2.6
Armour         | |  0.2
Dodging        | |  2.5

Action                   |  1- 3 |  4- 6 |  7- 9 || total
-------------------------+-------+-------+-------++-------
Melee: Mace              |   143 |    25 |     3 ||   171
       Whip              |       |   100 |   165 ||   265
       Unarmed           |       |    11 |       ||    11
       Morningstar       |       |       |   102 ||   102
Throw: Javelin           |       |       |     2 ||     2
       Tomahawk          |       |       |     1 ||     1
Invok: Berserk           |     1 |     1 |     2 ||     4
       Trog's Hand       |       |     1 |     3 ||     4
  Use: Scroll            |       |     9 |     3 ||    12
       Potion            |       |       |     1 ||     1
 Stab: Sleeping          |     1 |       |     1 ||     2
  Eat: Chunk             |    19 |    11 |    28 ||    58
Armor: Animal skin       |    64 |    28 |    54 ||   146
       Skin              |       |       |    50 ||    50
       Robe              |       |       |    63 ||    63
Dodge: Dodged            |    90 |    53 |   146 ||   289
